 Dungeon Crawl Stone Soup version 0.31-a0-4-gefa6de2278 (webtiles) character file.

Game seed: 8632162601761532301

506 bobo the Magician (level 7, -2/53 HPs)
             Began as a Djinni Conjurer on May 3, 2023.
             Was an Initiate of Makhleb.
             Killed by nerve-wracking pain
             ... invoked by Grinder
              (12 damage)
             ... on level 4 of the Dungeon.
             The game lasted 00:10:34 (2360 turns).

bobo the Magician (Djinni Conjurer)                 Turns: 2360, Time: 00:10:35

Health: -2/53      AC:  7    Str:  6    XL:     7   Next: 41%
Gold:   171        EV: 12    Int: 22    God:    Makhleb [......] SH:  0 Dex: 11

rFire   + + .        o - staff of poison
rCold   x . .        (no shield)
rNeg    . . .        a - +0 robe
rPois   ∞            (no helmet)
rElec   .            (no cloak)
rCorr   .            g - +0 pair of gloves
SInv    +            (boots unavailable)
Will    .....        (no amulet)
Stlth   ++           f - ring of see invisible
HPRegen 0.28/turn    m - +4 ring of protection
MPRegen 0.00/turn

%: infuse magic (-3 HP)
@: flying, very slightly contaminated
A: sickness immunity, fire resistance 2, cold vulnerability 1, float, innate
caster, HP casting, extra vitality 1
a: Renounce Religion


You were on level 4 of the Dungeon.
You worshipped Makhleb.
Makhleb was noncommittal.
You visited 1 branch of the dungeon, and saw 4 of its levels.

You collected 171 gold pieces.

Inventory:

Armour
 a - a +0 robe (worn)
 g - a +0 pair of gloves (worn)
Magical Staves
 o - a staff of poison (weapon)
Jewellery
 f - a ring of see invisible (left hand)
 i - an amulet of faith
 m - a +4 ring of protection (right hand)
Wands
 n - a wand of quicksilver (12)
Scrolls
 h - a scroll of identify
 k - 4 scrolls of poison
Potions
 b - a potion of mutation
 d - a potion of haste {unknown}
 e - a potion of flight {unknown}
 l - 2 potions of degeneration {unknown}
 p - a potion of heal wounds {unknown}


   Skills:
 + Level 4.7 Fighting
 - Level 3.1 Dodging
 - Level 1.5 Stealth
 + Level 5.0 Spellcasting


You knew the following spells:

 Your Spells              Type           Power      Damage    Failure   Level
a - Magic Dart            Conj           100%       1d8       1%          1
d - Dazzling Flash        Conj/Hex       54%        N/A       3%          3
f - Fulminant Prism       Conj/Hex       13%        3d8       13%         4
g - Summon Guardian Gole  Hex/Summ       27%        N/A       3%          3
m - Momentum Strike       Conj/Tloc      54%        3d9       1%          2
s - Searing Ray           Conj           54%        2d6       1%          2
x - Iskenderun's Mystic   Conj/Tloc      27%        2d7       13%         4
z - Foxfire               Conj/Fire      100%       2x1d9     1%          1
Your spell library was empty.

Dungeon Overview and Level Annotations

Branches:
Dungeon (4/15)
 Temple: D:4-7

Altars:
Makhleb

Shops:
D:1 ?

Annotations:
D:2 1 runed translucent door, Crazy Yiuf
D:3 3 runed translucent doors, jasper's ghost, weakling OgEE
D:4 Grinder


Innate Abilities, Weirdness & Mutations

You are immune to sickness and miasma.
You are immune to poison.
Your flesh is very heat resistant. (rF++)
You are vulnerable to cold. (rC-)
You float through the air rather than walking.
You learn spells naturally, not from books.
Your magical power is your life essence.
You have superior vitality. (+4 MHP)


Message History

The orc wizard is heavily wounded.
The orc wizard is knocked back by the mystic blast.
The orc wizard slams into the rock wall!
The orc wizard is almost dead.
The mystic blast hits the water moccasin.
The water moccasin is almost dead.
The water moccasin is knocked back by the mystic blast.
The water moccasin slams into the rock wall!
The water moccasin is almost dead.
You hear a shout!
The water moccasin bites you.
Casting: Iskenderun's Mystic Blast (quite dangerous; 13% risk of failure)
Confirm with . or Enter, or press ? or * to list all spells.
The spell is quite dangerous to miscast (13% risk of failure)!
Continue anyway?
You miscast Iskenderun's Mystic Blast.
You are very lightly contaminated with residual magic.
Nothing appears to happen.
* * * LOW HITPOINT WARNING * * *
The water moccasin barely misses you. The water moccasin misses you.
Casting: Iskenderun's Mystic Blast (quite dangerous; 13% risk of failure)
Confirm with . or Enter, or press ? or * to list all spells.
The spell is quite dangerous to miscast (13% risk of failure)!
Continue anyway?
You erupt in a blast of force!
The mystic blast hits the orc wizard.
You kill the orc wizard!
Makhleb accepts your kill.
The mystic blast hits the orc!
You kill the orc!
Makhleb accepts your kill.
The mystic blast hits Grinder.
Grinder is severely wounded.
Grinder is knocked back by the mystic blast.
Grinder slams into the rock wall!
Grinder is almost dead.
The mystic blast hits the water moccasin!
You kill the water moccasin!
Makhleb accepts your kill.
* * * LOW HITPOINT WARNING * * *
Grinder gestures at you. Pain shoots through your body!
You die...

...# .........# #..#.#..##
..... ..o......###..#.#....
..... ...S...5.†........>##
..... .......[.# #..#.#..# ...#
#######o####..#.#..## ...#
#.....5.......#.#....
#####)###.....#.#.#...#
#####....5†##.....#.#...... . #
#.......).@##.....#.#.#....
..#)#..............#......#....
.........###'####....##...#....
...................####..##..#.
..#.#.#...#####.#........##...<
...................##...###..##
...........)...##..#..#####..#
...........#†####..#.+###....#
###.###....#.###.............#


You could see Grinder.

Vanquished Creatures
  A water moccasin (D:4)
  An ogre (D:4)
  A centaur (D:4)
  A phantom (D:4)
  2 howler monkeys (D:4)
  A hound (D:3)
  An orc wizard (D:4)
  4 gnolls (D:4)
  5 adders
  An ufetubus (D:4)
  3 dart slugs
  4 orcs
  4 bats
  3 endoplasms (D:1)
  6 goblins
  10 hobgoblins
  6 kobolds
  3 quokkas
  6 ball pythons
  2 frilled lizards
  6 rats
  A fulminant prism (D:4)
72 creatures vanquished.

Vanquished Creatures (others)
  45 foxfires
  4 fulminant prisms (D:4)
49 creatures vanquished.

Grand Total: 121 creatures vanquished

Notes
Turn   | Place    | Note
-------+----------+-------------------------------------------
     0 | D:1      | bobo the Djinni Conjurer began the quest for the Orb.
     0 | D:1      | bobo set off with the following spells memorised: Magic
                  | Dart, Searing Ray, Dazzling Flash, Fulminant Prism,
                  | Iskenderun's Mystic Blast.
     0 | D:1      | Reached XP level 1. HP: 15/15 MP: 0/0
    60 | D:1      | Reached XP level 2. HP: 20/22 MP: 0/0
   216 | D:1      | Found Dyzatunt's Magic Scroll Shop.
   218 | D:1      | Reached skill level 1 in Fighting
   609 | D:1      | Reached XP level 3. HP: 24/27 MP: 0/0
   609 | D:1      | Learned a level 1 spell: Foxfire
  1120 | D:2      | Reached XP level 4. HP: 31/33 MP: 0/0
  1137 | D:2      | Found a runed translucent door.
  1138 | D:2      | Noticed Crazy Yiuf
  1587 | D:3      | Reached XP level 5. HP: 32/39 MP: 0/0
  1587 | D:3      | Learned a level 2 spell: Momentum Strike
  1689 | D:3      | Reached skill level 4 in Spellcasting
  1864 | D:3      | Found a runed translucent gate.
  1864 | D:3      | Noticed jasper's ghost (weakling OgEE)
  1865 | D:3      | Found a runed translucent gate.
  1866 | D:3      | Found a runed translucent gate.
  1868 | D:3      | Identified the +0 whip of the Thieving Tiger {freeze,
                  | Contam Str+6 Int+2 SInv}
  1868 | D:3      | Identified the +6 scale mail of Parlour Games {rF+ rC++}
  1966 | D:3      | Found a burning altar of Makhleb.
  1980 | D:3      | Became a worshipper of Makhleb the Destroyer
  2097 | D:4      | Noticed a centaur
  2101 | D:4      | Killed a centaur
  2102 | D:4      | Reached XP level 6. HP: 36/46 MP: 0/0
  2305 | D:4      | Reached XP level 7. HP: 48/52 MP: 0/0
  2305 | D:4      | Learned a level 3 spell: Summon Guardian Golem
  2349 | D:4      | Reached skill level 5 in Spellcasting
  2349 | D:4      | Noticed Grinder
  2349 | D:4      | Noticed a water moccasin
  2360 | D:4      | Killed a water moccasin
  2360 | D:4      | Killed from afar by Grinder

Illustrated notes

Levels and vault maps discovered:
D:1:      dpeg_arrival_short_road, layout_basic, serial_shops,
          nicolae_shop_temple_entry_statues_fountains, hex_intersection,
          hangedman_glass_teeth, chequers_serial_rivers_large_b,
          minmay_misc_feat_hallway
D:2:      layout_rooms, uniq_crazy_yiuf_cottage
D:3:      layout_basic, mainiacjoe_overflow_brackets, kiku_gazebo_pond_becter,
          biasface_ghost_orc_armoury
D:4:      layout_basic, gup_sewer_entry_glass, minivault_11, uniq_grinder

Skill      XL: |  1  2  3  4  5  6  7 |
---------------+----------------------+-----
Fighting       | 1 2 3 4 |  4.7
Dodging        | 3 |  3.1
Spellcasting   | 4 5 |  5.0
Stealth        | |  1.5

Action                     |  1- 3 |  4- 6 |  7- 9 || total
---------------------------+-------+-------+-------++-------
   Cast: Magic Dart        |    52 |    24 |     6 ||    82
         Searing Ray       |     1 |    10 |       ||    11
         Foxfire           |     4 |    20 |     2 ||    26
         Dazzling Flash    |       |     2 |       ||     2
         Fulminant Prism   |       |     1 |     4 ||     5
         Iskenderun's Myst |       |       |     5 ||     5
    Use: Scroll            |       |     5 |       ||     5
 Armour: Robe              |       |     5 |     5 ||    10
  Dodge: Dodged            |     1 |    18 |     6 ||    25

Table legend: (Time is in decaauts)
 A = Elapsed time spent in this place.
 B = Non-inter-level travel time spent in this place.
 C = Inter-level travel time spent in this place.
 D = Time resting spent in this place.
 E = Time spent auto-exploring this place.
 F = Levels seen in this place.
 G = Mean time per level.
                   A        B        C        D        E       F      G
               +--------+--------+--------+--------+--------+-----+--------+
         Total |   2357 |   2287 |     70 |      0 |   1910 |   4 |  589.2 |
       Dungeon |   2357 |   2287 |     70 |      0 |   1910 |   4 |  589.2 |
               +--------+--------+--------+--------+--------+-----+--------+

Top non-repeatable levels by time:
     D:1: 946 daAuts
     D:3: 649 daAuts
     D:2: 499 daAuts
     D:4: 262 daAuts
